 Dungeon Crawl Stone Soup version 0.29-a0-885-gb26ba3297d (webtiles) character file.

Game seed: 7699419972669208146

1650 kevlar127 the Grappler (level 8, 0/84 HPs)
             Began as a Troll Berserker on July 21, 2022.
             Was an Elder of Trog.
             Succumbed to a scorpion's poison
             ... on level 6 of the Dungeon.
             The game lasted 00:06:45 (4965 turns).

kevlar127 the Grappler (Troll Berserker)            Turns: 4965, Time: 00:06:46

Health: 0/84       AC:  5    Str: 28    XL:     8   Next: 67%
Magic:  7/7        EV: 10    Int:  3    God:    Trog [****..]
Gold:   307        SH:  0    Dex:  9    Spells: 7/7 levels left

rFire   . . .      SeeInvis .     - Unarmed
rCold   . . .      Faith    +   (no shield)
rNeg    . . .      Spirit   .   a - +0 animal skin
rPois   .          Reflect  .   (helmet restricted)
rElec   .          Harm     .   w - +0 cloak
rCorr   .          Rampage  .   (gloves unavailable)
Will    .....                   (boots unavailable)
Stlth   +.........              r - amulet of faith
HPRegen 1.04/turn               (no ring)
MPRegen 0.10/turn               (no ring)

@: lethally poisoned (0 -> -1), on berserk cooldown, slowed, very slow
A: large, unfitting armour, claws 3, regeneration 1, shaggy fur 1, tough skin 1
a: Renounce Religion, Berserk, Trog's Hand, Brothers in Arms


You were on level 6 of the Dungeon.
You worshipped Trog.
Trog was greatly pleased with you.
You visited 1 branch of the dungeon, and saw 6 of its levels.

You collected 307 gold pieces.

Inventory:

Missiles
 b - 48 stones (quivered)
 o - 16 poisoned darts
 E - 2 boomerangs
Armour
 a - a +0 animal skin (worn)
 w - a +0 cloak (worn)
Jewellery
 r - an amulet of faith (around neck)
 y - an amulet of reflection
Wands
 s - a wand of iceblast (9)
 u - a wand of flame (8)
Scrolls
 c - 2 scrolls of blinking {unknown}
 e - a scroll of immolation {unknown}
 f - 12 scrolls of identify {unknown}
 h - a scroll of noise {unknown}
 j - 2 scrolls of vulnerability {unknown}
 l - 2 scrolls of fog {unknown}
 m - 5 scrolls of teleportation {unknown}
 n - 2 scrolls of enchant armour {unknown}
 t - a scroll of enchant weapon {unknown}
 v - 2 scrolls of poison {unknown}
 B - a scroll of amnesia {unknown}
 C - a scroll of magic mapping {unknown}
 G - 3 scrolls of fear {unknown}
Potions
 d - 4 potions of curing {unknown}
 g - a potion of ambrosia {unknown}
 i - a potion of haste {unknown}
 k - 2 potions of attraction {unknown}
 p - a potion of brilliance {unknown}
 q - 2 potions of magic {unknown}
 x - 2 potions of mutation {unknown}
 z - 2 potions of heal wounds {unknown}
 A - 2 potions of invisibility {unknown}
 D - a potion of might {unknown}
 F - a potion of flight {unknown}


   Skills:
 + Level 6.9 Fighting
 - Level 3.0 Dodging
 + Level 8.3 Unarmed Combat


You had 7 spell levels left.
You didn't know any spells.
Your spell library was empty.

Dungeon Overview and Level Annotations

Branches:
Dungeon (6/15)             Temple (0/1) D:5

Altars:
Makhleb
Qazlal

Annotations:
D:6 3 runed translucent doors, Yogidamonk's ghost, novice MiHu


Innate Abilities, Weirdness & Mutations

You are too large for most types of armour.
You have claws for hands.
Your natural rate of healing is unusually fast.
You are covered in fur. (AC +1)
You have tough skin. (AC +1)


Message History

* * * LOW HITPOINT WARNING * * *
You mangle the orc!!
You kill the orc!
Trog accepts your kill. The orc barely misses you.
The scorpion stings you but does no damage.
You mangle the orc!!
You kill the orc!
Trog accepts your kill. The scorpion stings you.
* * * LOW HITPOINT WARNING * * *
You are poisoned.
The scorpion poisons you!
You barely miss the scorpion.
You feel very sick.
The scorpion stings you but does no damage. x2
You closely miss the scorpion.
You feel very sick. The scorpion stings you.
* * * LOW HITPOINT WARNING * * *
You are more poisoned.
The scorpion poisons you!
You barely miss the scorpion.
You feel very sick. The scorpion stings you.
* * * LOW HITPOINT WARNING * * *
The scorpion stings you but does no damage.
You scratch the scorpion. Your claw misses the scorpion.
The scorpion is lightly wounded.
* * * LOW HITPOINT WARNING * * *
You feel very sick. The scorpion barely misses you.
You claw the scorpion!
The scorpion is heavily wounded.
* * * LOW HITPOINT WARNING * * *
You feel sick.
The scorpion stings you but does no damage. x2
You scratch the scorpion.
The scorpion is almost dead.
You die...

............#######
###..........#
..(..........#
.............#
##.......?.#
#..)......#
#.).......#
#s).......#
#@.....<..#
#.........#
##.......##
##.$...## #######


You could see a scorpion.

Vanquished Creatures
  Grinder (D:5)
  A steam dragon (D:4)
  A water moccasin (D:5)
  An ice beast (D:5)
  A sky beast (D:6)
  A black bear (D:6)
  An ogre (D:4)
  2 centaurs
  A phantom (D:6)
  A necrophage (D:5)
  5 hounds
  2 orc priests (D:6)
  3 iguanas
  A scorpion zombie (D:3)
  4 orc wizards (D:6)
  4 adders
  2 white imps
  An adder skeleton (D:3)
  An adder zombie (D:3)
  A worm (D:4)
  4 dart slugs
  17 orcs
  5 bats
  8 endoplasms
  4 giant cockroaches
  9 hobgoblins
  6 jackals
  5 kobolds
  6 quokkas
  8 ball pythons
  3 ball python skeletons (D:3)
  8 frilled lizards
  6 goblins
  A jackal skeleton (D:3)
  10 rats
135 creatures vanquished.

Notes
Turn   | Place    | Note
-------+----------+-------------------------------------------
     0 | D:1      | kevlar127 the Troll Berserker began the quest for the Orb.
     0 | D:1      | Reached XP level 1. HP: 22/22 MP: 0/0
   127 | D:1      | Reached XP level 2. HP: 29/29 MP: 1/1
   468 | D:1      | Found a faded altar of an unknown god.
   746 | D:1      | Reached XP level 3. HP: 35/36 MP: 2/2
   985 | D:2      | Reached ** piety under Trog
  1069 | D:2      | Identified the +11 mace of Peril {vorpal, Drain Str+7
                  | Dex+6}
  1604 | D:3      | Reached XP level 4. HP: 45/45 MP: 3/3
  1978 | D:3      | Found a stormy altar of Qazlal.
  2023 | D:3      | Reached skill level 4 in Unarmed Combat
  2337 | D:3      | Reached *** piety under Trog
  2686 | D:4      | Noticed a steam dragon
  2699 | D:4      | Killed a steam dragon
  2700 | D:4      | Reached skill level 5 in Unarmed Combat
  2700 | D:4      | Reached XP level 5. HP: 26/54 MP: 4/4
  2700 | D:4      | Reached XP level 6. HP: 30/62 MP: 5/5
  3873 | D:5      | Entered Level 5 of the Dungeon
  3886 | D:5      | Found a burning altar of Makhleb.
  3973 | D:5      | Noticed Grinder
  3980 | D:5      | Paralysed by Grinder for 5 turns
  3988 | D:5      | Killed Grinder
  3989 | D:5      | Reached skill level 5 in Fighting
  3989 | D:5      | Reached skill level 6 in Unarmed Combat
  3989 | D:5      | Reached XP level 7. HP: 62/72 MP: 6/6
  4203 | D:5      | Found a staircase to the Ecumenical Temple.
  4520 | D:5      | Reached skill level 7 in Unarmed Combat
  4522 | D:5      | Reached XP level 8. HP: 65/83 MP: 7/7
  4824 | D:6      | Reached **** piety under Trog
  4862 | D:6      | Reached skill level 8 in Unarmed Combat
  4912 | D:6      | Noticed Yogidamonk's ghost (novice MiHu)
  4924 | D:6      | Found a runed translucent gate.
  4924 | D:6      | Found a runed translucent gate.
  4924 | D:6      | Found a runed translucent gate.
  4962 | D:6      | HP: 4/84 [scorpion (6)]
  4964 | D:6      | HP: 1/84 [poisoned by a scorpion]
  4965 | D:6      | Succumbed to a scorpion's poison

Illustrated notes

Levels and vault maps discovered:
D:1:      dpeg_arrival_prison, layout_loops_corners,
          ebering_ecumenical_altar_box, kennysheep_boxes
D:2:      layout_basic, corner_web_ring
D:3:      layout_loops_corners, general_overflow_altar, serial_undead,
          serial_undead_d, serial_undead_d, serial_undead_e, serial_undead_b,
          serial_undead_f, serial_undead_f
D:4:      cheibrodos_old_hovel, layout_cave_pods
D:5:      layout_loops_ring, makhleb_heckhound_becter,
          minmay_temple_entry_crystal_x, uniq_grinder
D:6:      layout_rooms, gammafunk_ghost_split, kennysheep_generic_room_5

Skill      XL: |  1  2  3  4  5  6  7  8 |
---------------+-------------------------+-----
Dodging        | 3 |  3.0
Fighting       | 3 4 5 6 |  6.9
Unarmed Combat | 5 6 7 8 |  8.3

Action                   |  1- 3 |  4- 6 |  7- 9 || total
-------------------------+-------+-------+-------++-------
Melee: Unarmed           |   105 |   106 |   114 ||   325
       Punch             |       |     1 |     5 ||     6
Invok: Trog's Hand       |       |     1 |     1 ||     2
       Berserk           |       |       |     1 ||     1
Armor: Animal skin       |    38 |    26 |    47 ||   111
Dodge: Dodged            |    44 |    44 |    68 ||   156

Table legend: (Time is in decaauts)
 A = Elapsed time spent in this place.
 B = Non-inter-level travel time spent in this place.
 C = Inter-level travel time spent in this place.
 D = Time resting spent in this place.
 E = Time spent auto-exploring this place.
 F = Levels seen in this place.
 G = Mean time per level.
                   A        B        C        D        E       F      G
               +--------+--------+--------+--------+--------+-----+--------+
         Total |   4933 |   4570 |    363 |    432 |   3414 |   6 |  822.2 |
       Dungeon |   4933 |   4570 |    363 |    432 |   3414 |   6 |  822.2 |
               +--------+--------+--------+--------+--------+-----+--------+

Top non-repeatable levels by time:
     D:4: 1215 daAuts
     D:3: 996 daAuts
     D:1: 952 daAuts
     D:5: 833 daAuts
     D:2: 693 daAuts
     D:6: 242 daAuts
